 Dungeon Crawl Stone Soup version 0.31-a0-744-gbc345e7fcb (webtiles) character file.

Game seed: 17659668558479567884

175 LeprechaunX the Changeling (level 5, -6/32 (35) HPs)
             Began as an Octopode Shapeshifter on Sept 13, 2023.
             Mangled by an orc
             ... wielding a +2 mace of draining
              (8 damage)
             ... on level 3 of the Dungeon.
             The game lasted 00:01:55 (2038 turns).

LeprechaunX the Changeling (Octopode Shapeshifter)  Turns: 2038, Time: 00:01:56

HP:   -6/32 (35)    AC:  1    Str: 15    XL:     5   Next: 55%
MP:   5/5           EV: 13    Int: 13    God:
Gold: 133           SH:  0    Dex: 11    Spells: 4/4 levels left

rFire   . .          .
                       - Unarmed
rCold   . . .        (no shield)
rNeg    . . .        (helmet currently unavailable)
rPois   .            (no amulet)
rElec   .            (no ring)
rCorr   .            (no ring)
SInv    .            (no ring)
Will    .....        (no ring)
Stlth   ++           (no ring)
HPRegen 0.25/turn    (no ring)
MPRegen 0.09/turn    (no ring)
                     (no ring)

%: no passive effects
@: beast-form, drained
A: beast (slay +2), almost no armour, amphibious, 8 rings, camouflage 1,
gelatinous body 1, (nimble swimmer 1), tentacles
a: Begin Untransformation


You were on level 3 of the Dungeon.
You were a hulking beast.
You visited 1 branch of the dungeon, and saw 3 of its levels.

You collected 133 gold pieces.

Inventory:

Hand Weapons
 j - a +0 sling
Missiles
 n - 10 boomerangs (quivered)
Jewellery
 r - a ring of wizardry
Talismans
 b - a beast talisman (active)
 c - a flux talisman
Scrolls
 d - 2 scrolls of immolation {unknown}
 e - a scroll of torment {unknown}
 f - 3 scrolls of noise {unknown}
 h - a scroll of vulnerability {unknown}
 i - 2 scrolls of teleportation {unknown}
 k - a scroll of fog {unknown}
 l - 2 scrolls of enchant armour {unknown}
 p - a scroll of revelation {unknown}
 q - a scroll of identify {unknown}
 t - a scroll of silence {unknown}
Potions
 a - 3 potions of lignification
 g - 3 potions of curing {unknown}
 m - a potion of attraction {unknown}
 o - a potion of haste {unknown}
 s - a potion of ambrosia {unknown}
 u - a potion of cancellation {unknown}


   Skills:
 + Level 2.4 Fighting
 + Level 3.0 Dodging
 + Level 3.7 Unarmed Combat
 * Level 4.2 Shapeshifting


You had 4 spell levels left.
You didn't know any spells.
Your spell library was empty.

Dungeon Overview and Level Annotations

Branches:
Dungeon (3/15)

Altars:
Makhleb


Innate Abilities, Weirdness & Mutations

You are a hulking beast.
Your limbs bulge with bestial killing power. (Slay +2)
You cannot wear most types of armour.
You are amphibious.
You can wear up to eight rings at the same time.
Your skin changes colour to match your surroundings (Stealth+).
Your rubbery body absorbs attacks. (AC +1, EV +1)
((You are camouflaged when in or above water. (Stealth+)))
You have tentacles for arms and can constrict up to eight enemies at once.


Message History

The orc wizard is heavily wounded.
The orc wizard barely misses you.
You tentacle-slap the orc wizard. Your grab misses the orc wizard.
You squeeze the orc wizard.
You kill the orc wizard!
Your Dodging skill increases to level 3!
Found 9 gold pieces.
An orc comes into view. It is wielding a +0 club.
The orc hits you with a +0 mace.
The orc hits you with a +2 mace of draining.
You feel drained.
Items here: )) [[.
You tentacle-slap the orc but do no damage.
Your grab misses the orc. The orc barely misses you. The orc misses you.
You tentacle-slap the orc but do no damage.
Your grab misses the orc. The orc hits you with a +0 mace.
The orc barely misses you.
An orc priest comes into view. It is wielding a +0 hand axe.
You are too injured to fight recklessly!
You are too injured to fight recklessly!
The orc attacks as it pursues you! The orc barely misses you.
The orc priest looks satisfied for a moment.
Things that are here:
a +0 club; an orc corpse You tentacle-slap the orc.
You grab the orc.
The orc is moderately wounded.
You constrict the orc. The orc hits you with a +0 mace.
You bludgeon the orc!
You kill the orc!
An orc comes into view. It is wielding a +0 hand axe.
The orc shouts!
You tentacle-slap the orc. Your grab misses the orc.
The orc is lightly wounded.
The orc hits you with a +2 mace of draining!
* * * LOW HITPOINT WARNING * * *
You feel drained.
* * * LOW HITPOINT WARNING * * *
The orc attacks as it pursues you!
The orc hits you with a +2 mace of draining!
You die...

####### #...o. #$.oo# ## #)# .
#o# .# ##h###.### #........#
#.#....#.#.# #### ###.#....#.#
. #>.... .........#.# ..
#.##.########.####.#.###### ...
#.##...#....#.....<#...........
.
#.##...#.##.#...##.#...........
...#...#.##.#.................#


You could see an orc priest and 3 orcs.

Vanquished Creatures
  An orc priest (D:3)
  2 orc wizards (D:3)
  3 adders
  A worm (D:2)
  2 dart slugs (D:1)
  4 orcs (D:3)
  6 ball pythons
  5 endoplasms
  4 giant cockroaches
  6 goblins
  4 hobgoblins
  2 quokkas (D:1)
  6 bats
  3 frilled lizards
  7 kobolds
  2 rats
58 creatures vanquished.

Notes
Turn   | Place    | Note
-------+----------+-------------------------------------------
     0 | D:1      | LeprechaunX the Octopode Shapeshifter began the quest for
                  | the Orb.
     0 | D:1      | Reached XP level 1. HP: 13/13 MP: 1/1
   161 | D:1      | Reached XP level 2. HP: 12/18 MP: 2/2
   435 | D:1      | Reached XP level 3. HP: 23/23 MP: 3/3
   852 | D:2      | Found a burning altar of Makhleb.
  1038 | D:2      | Reached XP level 4. HP: 29/29 MP: 4/4
  1582 | D:3      | Reached skill level 4 in Shapeshifting
  1732 | D:3      | Reached XP level 5. HP: 34/34 MP: 5/5
  2037 | D:3      | HP: 1/32 [orc/+2 mace of draining (2)]
  2038 | D:3      | Mangled by an orc

Illustrated notes

Levels and vault maps discovered:
D:1:      spicycebolla_green_bress_n_ham, layout_basic
D:2:      layout_basic, basic_altar, supply_closet_lemuel, minmay_tetromino_l4
D:3:      layout_basic

Skill      XL: |  1  2  3  4  5 |
---------------+----------------+-----
Fighting       | 2 |  2.4
Shapeshifting  | 4 |  4.2
Dodging        | 3 |  3.0
Unarmed Combat | |  3.7

Action                     |  1- 3 |  4- 6 || total
---------------------------+-------+-------++-------
  Melee: Unarmed           |    65 |    31 ||    96
         Constrict         |    14 |     9 ||    23
         Tentacles         |    11 |     8 ||    19
         Punch             |     2 |       ||     2
   Stab: Sleeping          |    10 |     4 ||    14
 Armour: Skin              |    24 |    14 ||    38
  Dodge: Dodged            |    36 |    14 ||    50

Table legend: (Time is in decaauts)
 A = Elapsed time spent in this place.
 B = Non-inter-level travel time spent in this place.
 C = Inter-level travel time spent in this place.
 D = Time resting spent in this place.
 E = Time spent auto-exploring this place.
 F = Levels seen in this place.
 G = Mean time per level.
                   A        B        C        D        E       F      G
               +--------+--------+--------+--------+--------+-----+--------+
         Total |   2031 |   1979 |     52 |     60 |   1601 |   3 |  677.0 |
       Dungeon |   2031 |   1979 |     52 |     60 |   1601 |   3 |  677.0 |
               +--------+--------+--------+--------+--------+-----+--------+

Top non-repeatable levels by time:
     D:2: 744 daAuts
     D:1: 708 daAuts
     D:3: 579 daAuts
